 Dungeon Crawl Stone Soup version 0.30-a0-862-g1aabd4f9c5 (webtiles) character file.

Game seed: 1696654707373722395

3 Hubjo the Grave Robber (level 1, 0/14 HPs)
             Began as a Demonspawn Necromancer on Mar 8, 2023.
             Slain by a goblin
             ... wielding a +1 dagger of freezing
              (1 damage)
             ... on level 1 of the Dungeon.
             The game lasted 00:00:22 (43 turns).

Hubjo the Grave Robber (Demonspawn Necromancer)       Turns: 43, Time: 00:00:23

Health: 0/14       AC:  2    Str:  8    XL:     1   Next: 41%
Magic:  1/3        EV: 12    Int: 16    God:
Gold:   0          SH:  0    Dex: 13    Spells: 3/4 levels left

rFire   . . .      SeeInvis .    (no weapon)
rCold   . . .      Faith    .    (no shield)
rNeg    . . .      Spirit   .    a - +0 robe
rPois   .          Reflect  .    (no helmet)
rElec   .          Rampage  .    (no cloak)
rCorr   .                        (no gloves)
Will    .....                    (no boots)
Stlth   ++                       (no amulet)
HPRegen 0.22/turn                (no ring)
MPRegen 0.08/turn                (no ring)

@: no status effects
A: no striking features
a: no special abilities


You were on level 1 of the Dungeon.
You visited 1 branch of the dungeon, and saw 1 of its levels.

Inventory:

Armour
 a - a +0 robe (worn)
Potions
 b - a potion of magic


   Skills:
 * Level 0.4 Fighting
 - Level 1.7 Dodging
 + Level 1.8 Stealth
 + Level 2.0 Spellcasting
 + Level 4.4 Necromancy


You had 3 spell levels left.
You knew the following spells:

 Your Spells              Type           Power      Damage    Failure   Level
a - Necrotise             Necr           60%        1d7       3%          1

Your spell library contained the following spells:

 Spells                   Type           Power      Damage    Failure   Level
 Vampiric Draining        Necr           15%        2d7       10%         3
 Animate Dead             Necr           15%        N/A       32%         4
 Agony                    Necr           15%        N/A       67%         5


Dungeon Overview and Level Annotations

Branches:
Dungeon (1/15)

Altars:


Message History

The kobold writhes in agony.
You kill the kobold!
The dead are walking!
The goblin hits your hobgoblin skeleton with a +0 club.
Your hobgoblin skeleton is destroyed!
Your kobold skeleton hits the dart slug.
A goblin comes into view. It is wielding a +1 dagger of freezing.
The goblin attacks as you move away! The goblin hits you with a +0 club.
The goblin attacks as you move away! The goblin closely misses you.
The goblin attacks as you move away! The goblin closely misses you.
The goblin attacks as you move away! The goblin hits you with a +0 club.
You are too injured to fight recklessly!
Casting: Necrotise (safe; 3% risk of failure)
Confirm with . or Enter, or press ? or * to list all spells.
Aiming: Necrotise (safe; 3% risk of failure)
Press: ? - help, Shift-Dir - straight line, f - goblin
Aim: a goblin, wielding a +0 club (ally target, chance to affect: 85%)
The goblin writhes in agony!
You kill the goblin!
The dead are walking!
Your kobold skeleton hits the dart slug but does no damage.
The dart slug launches a dart at you. The slug dart hits you.
* * * LOW HITPOINT WARNING * * *
A frilled lizard comes into view.
Your kobold skeleton hits the dart slug but does no damage.
The frilled lizard bites your kobold skeleton.
The dart slug launches a dart at you.
The slug dart hits your goblin skeleton.
The dart slug bites your goblin skeleton.
Your goblin skeleton hits the dart slug but does no damage.
The dart slug bites your goblin skeleton.
Your goblin skeleton is destroyed!
The goblin attacks as you move away! The goblin misses you.
You hit the goblin.
The goblin is heavily wounded.
The goblin hits you with a +1 dagger of freezing.
* * * LOW HITPOINT WARNING * * *
The goblin freezes you.
You die...

....#........
........>#.#
#####..)#..#.##
......g.......#
.....#........##
.#.. #...#.....#
...#..#..#[..#..##
.#.. ..#..#..#....#
..#..#.#.#..#..l@.#
...#.#.#w#.#...#g.#
..#.#.#.#..##Z..# .
#.#...#.##.....#
....#.....#w.w....#
#...<...######.#
....#.....#.... .#
..##.#...#.##... .#
..#.#.#.#.. #. ..


You could see a dart slug, a goblin (ally target), a frilled lizard and a
friendly kobold skeleton.

Vanquished Creatures
  A goblin (D:1)
  A hobgoblin (D:1)
  A kobold (D:1)
3 creatures vanquished.

Notes
Turn   | Place    | Note
-------+----------+-------------------------------------------
     0 | D:1      | Hubjo the Demonspawn Necromancer began the quest for the
                  | Orb.
     0 | D:1      | Reached XP level 1. HP: 13/13 MP: 3/3
    43 | D:1      | Slain by a goblin

Illustrated notes

Levels and vault maps discovered:
D:1:      minmay_arrival_radiant_lines, layout_basic, serial_shops, shop,
          minivault_26

Action                     || total
---------------------------++-------
  Melee: Unarmed           ||     9
   Cast: Necrotise         ||     4
   Stab: Sleeping          ||     1
  Dodge: Dodged            ||    12

Table legend: (Time is in decaauts)
 A = Elapsed time spent in this place.
 B = Non-inter-level travel time spent in this place.
 C = Inter-level travel time spent in this place.
 D = Time resting spent in this place.
 E = Time spent auto-exploring this place.
 F = Levels seen in this place.
 G = Mean time per level.
                   A        B        C        D        E       F      G
               +--------+--------+--------+--------+--------+-----+--------+
         Total |     43 |     43 |      0 |      0 |      3 |   1 |   43.0 |
       Dungeon |     43 |     43 |      0 |      0 |      3 |   1 |   43.0 |
               +--------+--------+--------+--------+--------+-----+--------+

Top non-repeatable levels by time:
     D:1: 43 daAuts
